 Dungeon Crawl Stone Soup version 0.30-a0-883-g5ad918d77d (webtiles) character file.

Game seed: 9438778022968861305

464 112233 the Caller (level 7, -2/41 HPs)
             Began as an Octopode Summoner on Mar 15, 2023.
             Slain by a gnoll sergeant
             ... wielding a +0 spear
              (8 damage)
             ... on level 6 of the Dungeon.
             The game lasted 00:07:48 (4336 turns).

112233 the Caller (Octopode Summoner)               Turns: 4336, Time: 00:07:49

Health: -2/41      AC:  5    Str:  7    XL:     7   Next: 8%
Magic:  12/23      EV: 14    Int: 19    God:
Gold:   215        SH:  0    Dex: 13    Spells: 2/15 levels left

rFire   . . .      SeeInvis .    (no weapon)
rCold   . . .      Faith    .    (no shield)
rNeg    . . .      Spirit   .    (helmet restricted)
rPois   .          Reflect  .    (no amulet)
rElec   .          Rampage  .    a - +4 ring of protection
rCorr   .                        h - ring of Desertification {MP+9 Slay+4}
Will    .....                    (no ring)
Stlth   +++                      (no ring)
HPRegen 0.26/turn                (no ring)
MPRegen 0.18/turn                (no ring)
                                 (no ring)
                                 (no ring)

@: about to teleport
A: almost no armour, amphibious, 8 rings, camouflage 1, gelatinous body 1,
(nimble swimmer 1), tentacles
a: no special abilities


You were on level 6 of the Dungeon.
You visited 1 branch of the dungeon, and saw 5 of its levels.

You collected 215 gold pieces.

Inventory:

Missiles
 b - 3 poisoned darts
Jewellery
 a - a +4 ring of protection (left tentacle)
 h - the ring of Desertification (right tentacle) {MP+9 Slay+4}
   (You found it on level 2 of the Dungeon)

   [ring of slaying]

   Slay:      It affects your accuracy & damage with ranged weapons and melee
   (+4).
   MP:        It affects your magic capacity (+9).
Scrolls
 c - 2 scrolls of magic mapping
 i - a scroll of poison
 j - a scroll of teleportation
 l - a scroll of blinking {unknown}
 m - a scroll of enchant armour {unknown}
Potions
 d - a potion of flight {unknown}
 e - a potion of haste {unknown}
 f - 2 potions of curing
 g - a potion of mutation {unknown}
 k - 2 potions of might {unknown}
 n - a potion of heal wounds {unknown}


   Skills:
 + Level 4.0 Dodging
 - Level 3.0 Stealth
 * Level 4.9 Spellcasting
 + Level 5.3 Summonings


You had 2 spell levels left.
You knew the following spells:

 Your Spells              Type           Power      Damage    Failure   Level
a - Summon Small Mammal   Summ           100%       N/A       1%          1
b - Call Imp              Summ           25%        N/A       1%          2
c - Call Canine Familiar  Summ           25%        N/A       4%          3
d - Summon Guardian Gole  Hex/Summ       14%        N/A       12%         3
e - Summon Lightning Spi  Summ/Air       14%        N/A       38%         4

Your spell library contained the following spells:

 Spells                   Type           Power      Damage    Failure   Level
 Beastly Appendage        Tmut           8%         N/A       13%         1
 Wereblood                Tmut           4%         N/A       19%         2
 Spider Form              Tmut/Pois      4%         N/A       36%         3


Dungeon Overview and Level Annotations

Branches:
Dungeon (7/15)
 Temple: D:4-7

Altars:
Uskayaw

Annotations:
D:3 3 runed translucent doors, FlurksSlurper's ghost, amateur DsGl


Innate Abilities, Weirdness & Mutations

You cannot wear most types of armour.
You are amphibious.
You can wear up to eight rings at the same time.
Your skin changes colour to match your surroundings (Stealth+).
Your rubbery body absorbs attacks. (AC +1, EV +1)
((You are camouflaged when in or above water. (Stealth+)))
You have tentacles for arms and can constrict up to eight enemies at once.


Message History

Casting: Call Imp (safe; 1% risk of failure)
Confirm with . or Enter, or press ? or * to list all spells.
A guardian golem appears, shielding your allies.
The gnoll sergeant hits you from afar with a +0 spear.
Unknown command.
Unknown command.
Casting: Summon Guardian Golem (dangerous; 12% risk of failure)
Confirm with . or Enter, or press ? or * to list all spells.
An arrow appears from out of your range of vision.
The arrow hits your hound. The gnoll sergeant closely misses you.
An arrow appears from out of your range of vision.
The arrow barely misses your hound.
An arrow appears from out of your range of vision.
The arrow hits your hound!
The gnoll sergeant hits you from afar with a +0 spear.
Unknown command.
As you read the scroll of teleportation, it crumbles to dust.
You feel strangely unstable.
The gnoll sergeant hits you from afar with a +0 spear.
The centaur shoots an arrow.
The arrow barely misses your hound. The arrow hits you!
Unknown command.
You swap places.
The gnoll sergeant hits your guardian golem with a +0 spear!
You hear a shout!
Unknown command.
Unknown command.
It was a potion of curing.
You feel better.
The centaur shoots an arrow.
The arrow completely misses your hound. The arrow hits you.
The gnoll hits your guardian golem with a +0 whip.
The gnoll sergeant hits your guardian golem but does no damage.
Your guardian golem overheats!
Unknown command.
The centaur shoots an arrow.
The arrow hits you!
* * * LOW HITPOINT WARNING * * *
Flame seeps out of your guardian golem.
The gnoll hits your guardian golem with a +0 whip!
Flame seeps out of your guardian golem.
The gnoll sergeant hits you from afar with a +0 spear!
You die...

#...§..g..#.......##
+.......# .##.....#
#...g.h# ⌠.##....##
#....g####.####...##
####9.#.#.###.#.....
#.#.⌠.###.⌠.#.#..
#.g#.###.#.#..#..
.########gg#.#.###......
.......@.9###.8.###.....
.........h.#.#.#.##.....
..........#)#.###.#.....
.......!.#.8.###.8.#....
..........#.## #.....
..........### ##..>#.
..........c ##....#.
............ .##.....#.
<.......... #.........


You could see a gnoll sergeant (ally target), a centaur, a gnoll (ally target),
a friendly guardian golem (summoned, inner flame) and a friendly hound
(summoned, sheltered).

Vanquished Creatures
  A centaur (D:6)
  An adder (D:3)
  A bat (D:2)
  A goblin (D:1)
  2 hobgoblins
6 creatures vanquished.

Vanquished Creatures (collateral kills)
  Sigmund (D:2)
  2 sleepcaps
  2 iguanas (D:6)
  3 adders
  2 worms
  6 orcs (D:3)
  3 bats
  7 endoplasms
  2 giant cockroaches (D:1)
  6 goblins
  6 hobgoblins
  8 jackals (D:1)
  2 kobolds
  3 quokkas
  4 ball pythons
  3 frilled lizards
  A rat (D:2)
61 creatures vanquished.

Grand Total: 67 creatures vanquished

Notes
Turn   | Place    | Note
-------+----------+-------------------------------------------
     0 | D:1      | 112233 the Octopode Summoner began the quest for the Orb.
     0 | D:1      | Reached XP level 1. HP: 11/11 MP: 3/3
   192 | D:1      | Reached XP level 2. HP: 11/17 MP: 0/5
   358 | D:1      | Learned a level 2 spell: Call Imp
   874 | D:2      | Noticed Sigmund
  1030 | D:2      | Reached XP level 3. HP: 17/21 MP: 2/6
  1070 | D:2      | Learned a level 3 spell: Call Canine Familiar
  2219 | D:2      | Killed Sigmund
  2220 | D:2      | Reached XP level 4. HP: 22/27 MP: 1/9
  2220 | D:2      | Reached XP level 5. HP: 25/31 MP: 1/10
  2304 | D:2      | Identified the ring of Desertification {MP+9 Slay+4}
  2594 | D:2      | Found a hide-covered altar of Uskayaw.
  2734 | D:2      | Reached XP level 6. HP: 36/36 MP: 12/12
  2915 | D:3      | Reached skill level 5 in Summonings
  2967 | D:3      | Learned a level 3 spell: Summon Guardian Golem
  3018 | D:3      | Found a runed translucent gate.
  3019 | D:3      | Found a runed translucent gate.
  3020 | D:3      | Found a runed translucent gate.
  3021 | D:3      | Noticed FlurksSlurper's ghost (amateur DsGl)
  3074 | D:3      | Found a faded altar of an unknown god.
  3505 | D:3      | You fall into a shaft and drop 3 floors!
  3543 | D:7      | Learned a level 4 spell: Summon Lightning Spire
  3655 | D:7      | Noticed a wyvern
  4185 | D:6      | Reached XP level 7. HP: 38/41 MP: 14/14
  4336 | D:6      | Slain by a gnoll sergeant

Illustrated notes

Levels and vault maps discovered:
D:1:      minmay_arrival_stair_chambers, layout_loops_ring,
          minmay_large_rounded_square
D:2:      layout_basic, basic_altar, st_stairs_5, solitary_fountain,
          uniq_sigmund
D:3:      layout_loops_ring, grunt_gozag_breadcrumbs, gammafunk_ghost_split,
          ebering_ecumenical_altar_abandoned, chequers_jeans
D:6:      layout_basic, gammafunk_temple_overflow_wave, grunt_decor_mini_mirrors
D:7:      wad_crossroads, layout_basic, uniq_pikel

Skill      XL: |  1  2  3  4  5  6 |
---------------+-------------------+-----
Stealth        | 3 |  3.0
Dodging        | 3 4 |  4.0
Spellcasting   | 3 4 |  4.9
Summonings     | 5 |  5.3

Action                     |  1- 3 |  4- 6 |  7- 9 || total
---------------------------+-------+-------+-------++-------
  Melee: Unarmed           |    11 |    18 |       ||    29
         Constrict         |     3 |     4 |       ||     7
         Tentacles         |     2 |     4 |       ||     6
   Cast: Summon Small Mamm |    35 |    22 |       ||    57
         Call Imp          |    22 |    20 |     2 ||    44
         Call Canine Famil |       |    18 |     3 ||    21
         Summon Guardian G |       |       |     2 ||     2
    Use: Potion            |     1 |       |     1 ||     2
         Scroll            |     1 |     3 |     1 ||     5
 Armour: Skin              |    14 |     8 |       ||    22
  Dodge: Dodged            |    60 |    33 |     3 ||    96

Table legend: (Time is in decaauts)
 A = Elapsed time spent in this place.
 B = Non-inter-level travel time spent in this place.
 C = Inter-level travel time spent in this place.
 D = Time resting spent in this place.
 E = Time spent auto-exploring this place.
 F = Levels seen in this place.
 G = Mean time per level.
                   A        B        C        D        E       F      G
               +--------+--------+--------+--------+--------+-----+--------+
         Total |   4337 |   4203 |    134 |    980 |   2078 |   5 |  867.4 |
       Dungeon |   4337 |   4203 |    134 |    980 |   2078 |   5 |  867.4 |
               +--------+--------+--------+--------+--------+-----+--------+

Top non-repeatable levels by time:
     D:1: 1408 daAuts
     D:2: 1332 daAuts
     D:3: 766 daAuts
     D:7: 480 daAuts
     D:6: 350 daAuts
